 Dungeon Crawl Stone Soup version 0.31-a0-174-g85c54bcb58 (webtiles) character file.

Game seed: 5401469143494416143

1128 qw the Chopper (level 8, -9/49 HPs)
             Began as a Gargoyle Fighter on June 15, 2023.
             Mangled by Maggie
             ... wielding a +4 scimitar of electrocution
              (15 damage)
             ... on level 6 of the Dungeon.
             The game lasted 00:01:59 (4514 turns).

qw the Chopper (Gargoyle Fighter)                   Turns: 4514, Time: 00:01:59

Health: -9/49      AC: 21    Str: 23    XL:     8   Next: 35%
Magic:  8/8        EV:  8    Int:  8    God:
Gold:   291        SH:  4    Dex:  9    Spells: 7/7 levels left

rFire   . . .        Y - +2 war axe
rCold   . . .        c - +0 buckler
rNeg    + . .        n - +0 chain mail
rPois   inf          (no helmet)
rElec   +            l - +0 cloak
rCorr   .            s - +0 pair of gloves
SInv    +            (no boots)
Will    .....        (no amulet) Stlth
                     g - ring of see invisible
HPRegen 0.28/turn    r - +4 ring of protection
MPRegen 0.11/turn

%: no passive effects
@: mesmerised
A: sickness immunity, AC +5, negative energy resistance 1, electricity
resistance, torment resistance 1, petrification resistance
a: no special abilities


You were on level 6 of the Dungeon.
You visited 1 branch of the dungeon, and saw 6 of its levels.

You collected 291 gold pieces.


Innate Abilities, Weirdness & Mutations

You are immune to sickness and miasma.
Your stone body is resilient. (AC +5)
You are immune to poison.
You resist negative energy. (rN+)
You are resistant to electric shocks. (rElec)
You are resistant to unholy torment.
You are immune to petrification.


   Skills:
 - Level 5.3 Fighting
 + Level 7.6 Axes
 - Level 2.4 Throwing
 - Level 3.2 Armour
 - Level 1.0 Dodging
 - Level 3.2 Shields


You had 7 spell levels left.
You didn't know any spells.
Your spell library was empty.

Inventory:

Hand Weapons
 t - a +0 flail of holy wrath
 Y - a +2 war axe (weapon)
Missiles
 q - 3 javelins (quivered)
Armour
 c - a +0 buckler (worn)
 l - a +0 cloak (worn)
 n - a +0 chain mail (worn)
 s - a +0 pair of gloves (worn)
Jewellery
 g - a ring of see invisible (left hand)
 r - a +4 ring of protection (right hand)
 v - a ring of ice
Scrolls
 b - 2 scrolls of identify
Potions
 a - a potion of cancellation
 d - a potion of might
 f - a potion of lignification
 h - 6 potions of curing
 i - a potion of berserk rage {unknown}
 j - a potion of brilliance {unknown}
 k - a potion of resistance {unknown}
 m - a potion of degeneration {unknown}
 o - a potion of haste {unknown}
 p - a potion of magic {unknown}

Dungeon Overview and Level Annotations

Branches:
Dungeon (6/15)
 Temple: D:4-7

Altars:
Ashenzari
Elyvilon
Hepliaklqana
Makhleb
Qazlal
Uskayaw
Yredelemnul

Annotations:
D:6 Maggie


Message History

Maggie barely misses you.
Maggie points at you and mumbles some strange words.
The bolt of fire hits you.
You hit Maggie but do no damage.
Maggie is moderately wounded.
Maggie completely misses you.
You hit Maggie but do no damage.
Maggie is moderately wounded.
You break out of your daze.
You block Maggie's attack.
You hit Maggie.
Maggie is moderately wounded.
Maggie hits you but does no damage.
You barely miss Maggie.
Maggie is moderately wounded.
Maggie hits you but does no damage.
You hit Maggie but do no damage.
Maggie is moderately wounded.
Maggie barely misses you.
You slash Maggie!
Maggie is heavily wounded.
Maggie hits you with a +4 scimitar of electrocution!
You completely miss Maggie.
Maggie is heavily wounded.
Maggie gestures wildly while chanting.
Maggie attempts to bespell you!
You are mesmerised by Maggie!
Maggie hits you but does no damage.
You slash Maggie!
Maggie is severely wounded.
Maggie casts a spell at you. The bolt of fire hits you!!
4513 ||| DRINKING potion of heal wounds.
You feel much better. Maggie gestures at you while chanting.
The bolt of fire hits you!!
You slash Maggie!
Maggie is almost dead.
Maggie hits you with a +4 scimitar of electrocution!
You die...

#.#...... #.#.....#
######...#####
........## . #.(......##
... ######....####
.(..############....<...
......@)................
#)@.#####.###......
###.....#.# ######.
#####...# ## ##..# ##.#
###


You could see Maggie (mesmerising).

Vanquished Creatures
  Grinder (D:3)
  A water moccasin (D:6)
  Duvessa (D:6)
  A black bear (D:6)
  2 centaurs (D:5)
  Blork the orc (D:4)
  Dowan (D:6)
  A howler monkey (D:4)
  2 hounds (D:5)
  A jelly (D:6)
  2 orc priests (D:4)
  Terence (D:2)
  Jessica (D:2)
  A gnoll (D:1)
  3 adders
  A white imp (D:5)
  An ufetubus (D:4)
  2 worms
  4 dart slugs
  6 orcs (D:4)
  4 ball pythons
  9 bats
  5 endoplasms
  2 giant cockroaches
  6 goblins
  12 hobgoblins
  2 jackals (D:2)
  2 quokkas (D:2)
  2 frilled lizards
  5 kobolds
  5 rats
88 creatures vanquished.

Notes
Turn   | Place    | Note
-------+----------+-------------------------------------------
     0 | D:1      | qw the Gargoyle Fighter began the quest for the Orb.
     0 | D:1      | Reached XP level 1. HP: 14/14 MP: 1/1
     0 | D:1      | 0 ||| qw: Version: 0.2-a-29-g511e9b1
     0 | D:1      | 0 ||| qw: Game counter: 5452
     0 | D:1      | 0 ||| qw: Always use a shield: true
     0 | D:1      | 0 ||| qw: God list: Okawaru
     0 | D:1      | 0 ||| qw: Allow faded altars: false
     0 | D:1      | 0 ||| qw: Do Orc after D:15 true
     0 | D:1      | 0 ||| qw: Do second Lair branch before Depths: true
     0 | D:1      | 0 ||| qw: Lair rune preference: random
     0 | D:1      | 0 ||| qw: Plans: Normal, Zot:1-4, Slime:5, God:TSO, Crypt,
                  | Tomb, Abyss, Pan, Hells, Win
     0 | D:1      | 0 ||| PLANNING D:1-11
    66 | D:1      | Reached skill level 2 in Axes
   128 | D:1      | Found a faded altar of an unknown god.
   169 | D:1      | Reached XP level 2. HP: 19/19 MP: 2/2
   198 | D:1      | 198 ||| Stepping ~*~*~tactically~*~*~ (hiding).
   221 | D:1      | 221 ||| Stepping ~*~*~tactically~*~*~ (stealth).
   231 | D:1      | Reached skill level 3 in Axes
   231 | D:1      | Reached XP level 3. HP: 22/23 MP: 3/3
   235 | D:1      | 235 ||| Stepping ~*~*~tactically~*~*~ (stealth).
   362 | D:1      | 362 ||| Stepping ~*~*~tactically~*~*~ (hiding).
   381 | D:1      | 381 ||| DROPPING +0 club.
   826 | D:1      | 826 ||| UPGRADING to +0 cloak.
   831 | D:1      | 831 ||| READING scroll labelled ZIMAUV AVOUJ.
   832 | D:1      | 832 ||| READING scroll labelled JESE OGHICZAD.
   833 | D:1      | 833 ||| READING scroll labelled XOMNYGE QOCYSK.
   909 | D:2      | Noticed Jessica
   912 | D:2      | Killed Jessica
   913 | D:2      | Reached XP level 4. HP: 28/28 MP: 4/4
   931 | D:2      | 931 ||| Stepping ~*~*~tactically~*~*~ (stealth).
   940 | D:2      | Reached skill level 4 in Axes
  1008 | D:2      | Noticed Terence
  1018 | D:2      | Killed Terence
  1128 | D:2      | 1128 ||| Stepping ~*~*~tactically~*~*~ (stealth).
  1130 | D:2      | 1130 ||| Stepping ~*~*~tactically~*~*~ (stealth).
  1132 | D:2      | 1132 ||| Stepping ~*~*~tactically~*~*~ (stealth).
  1292 | D:2      | Reached XP level 5. HP: 32/32 MP: 5/5
  1370 | D:2      | 1370 ||| UPGRADING to +0 chain mail.
  1380 | D:2      | 1380 ||| DROPPING +0 scale mail.
  1381 | D:2      | 1381 ||| UPGRADING to +0 pair of gloves.
  1386 | D:2      | 1386 ||| READING 2 scrolls labelled YMAF NIUBB.
  1387 | D:2      | 1387 ||| READING scroll labelled BOOG UFFIMIA.
  1392 | D:2      | 1392 ||| READING scroll labelled LOUWKAPPOAKH.
  1393 | D:2      | 1393 ||| DRINKING 2 blue potions.
  1394 | D:2      | 1394 ||| DRINKING 2 bubbling ruby potions.
  1395 | D:2      | 1395 ||| DRINKING 4 inky potions.
  1396 | D:2      | 1396 ||| DROPPING scroll of vulnerability.
  1397 | D:2      | 1397 ||| DROPPING potion of enlightenment.
  1529 | D:3      | Noticed Grinder
  1530 | D:3      | 1530 ||| Stepping ~*~*~tactically~*~*~ (hiding).
  1531 | D:3      | 1531 ||| Stepping ~*~*~tactically~*~*~ (hiding).
  1532 | D:3      | 1532 ||| Stepping ~*~*~tactically~*~*~ (hiding).
  1539 | D:3      | Paralysed by Grinder for 4 turns
  1553 | D:3      | Paralysed by Grinder for 3 turns
  1556 | D:3      | Killed Grinder
  1557 | D:3      | Reached skill level 6 in Axes
  1557 | D:3      | Reached XP level 6. HP: 20/37 MP: 6/6
  1751 | D:3      | 1751 ||| Stepping ~*~*~tactically~*~*~ (stealth).
  1752 | D:3      | 1752 ||| Stepping ~*~*~tactically~*~*~ (stealth).
  1801 | D:3      | Found a white marble altar of Elyvilon.
  2384 | D:3      | 2384 ||| READING 2 scrolls labelled LEDYGI SOTULIM.
  2385 | D:3      | 2385 ||| READING scroll labelled KUWUOM MEOSE.
  2386 | D:3      | 2386 ||| DRINKING 2 fuming black potions.
  2459 | D:4      | Noticed Blork the orc
  2466 | D:4      | Killed Blork the orc
  2640 | D:4      | Reached skill level 1 in Dodging
  2688 | D:4      | Reached XP level 7. HP: 43/43 MP: 7/7
  2780 | D:4      | 2780 ||| Stepping ~*~*~tactically~*~*~ (hiding).
  2997 | D:4      | Found a broken altar of Ashenzari.
  3041 | D:4      | 3041 ||| READING scroll of enchant weapon.
  3041 | D:4      | 3041 ||| ENCHANTING +1 war axe.
  3053 | D:4      | 3053 ||| Stepping ~*~*~tactically~*~*~ (hiding).
  3054 | D:4      | 3054 ||| Stepping ~*~*~tactically~*~*~ (hiding).
  3070 | D:4      | Reached skill level 1 in Throwing
  3187 | D:4      | 3187 ||| DROPPING +0 mace.
  3493 | D:4      | 3493 ||| UPGRADING to ring of see invisible.
  3494 | D:4      | 3494 ||| READING 2 scrolls labelled LYCATI OSUORPH.
  3495 | D:4      | 3495 ||| DRINKING 2 white potions.
  3496 | D:4      | 3496 ||| DROPPING scroll of butterflies.
  3535 | D:5      | Entered Level 5 of the Dungeon
  3562 | D:5      | Found a stormy altar of Qazlal.
  3563 | D:5      | Found a hide-covered altar of Uskayaw.
  3640 | D:5      | Reached skill level 7 in Axes
  3679 | D:5      | Found a burning altar of Makhleb.
  3679 | D:5      | Found a basalt altar of Yredelemnul.
  3679 | D:5      | Found a hazy altar of Hepliaklqana.
  4151 | D:5      | 4151 ||| Stepping ~*~*~tactically~*~*~ (stealth).
  4153 | D:5      | 4153 ||| Stepping ~*~*~tactically~*~*~ (hiding).
  4309 | D:5      | 4309 ||| UPGRADING to +4 ring of protection.
  4310 | D:5      | 4310 ||| READING scroll labelled PITAOW ZINA.
  4353 | D:6      | Reached XP level 8. HP: 49/49 MP: 8/8
  4485 | D:6      | Noticed Duvessa
  4487 | D:6      | Noticed Maggie
  4489 | D:6      | Noticed Dowan
  4496 | D:6      | Killed Duvessa
  4499 | D:6      | Killed Dowan
  4512 | D:6      | HP: 3/49 [Maggie/bolt of fire (20)]
  4513 | D:6      | 4513 ||| DRINKING potion of heal wounds.
  4514 | D:6      | Mangled by Maggie

Levels and vault maps discovered:
D:1:      scummos_arrival_star, layout_basic, nicolae_ecumenical_lake_church
D:2:      layout_basic, minmay_gold_behind_fungi, uniq_jessica, uniq_terence
D:3:      layout_basic, elyvilon_altar_3, kennysheep_boxes, uniq_grinder
D:4:      layout_loops_corners, ashenzari_conservatory_becter,
          uniq_blork_the_orc
D:5:      layout_cave_pods, grunt_temple_overflow_open,
          gammafunk_temple_overflow_claw, minmay_fountain_box,
          minmay_manual_mares
D:6:      layout_rooms, uniq_maggie, uniq_duvessa

Skill      XL: |  1  2  3  4  5  6  7  8 |
---------------+-------------------------+-----
Axes           | 2 3 4 6 7 |  7.6
Fighting       | 4 5 |  5.3
Dodging        | 1 |  1.0
Throwing       | 1 2 |  2.4
Armour         | |  3.2
Shields        | |  3.2

Action                     |  1- 3 |  4- 6 |  7- 9 || total
---------------------------+-------+-------+-------++-------
  Melee: War axe           |    75 |   115 |   105 ||   295
  Throw: Javelin           |       |       |    21 ||    21
    Use: Scroll            |     3 |     5 |     3 ||    11
         Potion            |       |     4 |     2 ||     6
 Armour: Scale mail        |    36 |    24 |       ||    60
         Chain mail        |       |    27 |    80 ||   107
  Dodge: Dodged            |    37 |    33 |    53 ||   123
  Block: Buckler           |    11 |    17 |    14 ||    42

Table legend:
 A = Non-vault XP
 B = Vault XP
 C = Vault XP percentage of total XP
 D = Non-vault monster count
 E = Vault monster count
 F = Vault count percentage of total count
                 A         B        C        D         E       F
            +---------+---------+-------+---------+---------+-------
      Total |     735 |     877 |  54.4 |      80 |       8 |   9.1
            +---------+---------+-------+---------+---------+-------
        D:1 |      58 |       0 |   0.0 |      24 |       0 |   0.0
        D:2 |      32 |      75 |  70.1 |      18 |       2 |  10.0
        D:3 |      16 |     286 |  94.7 |      11 |       1 |   8.3
        D:4 |     189 |      87 |  31.5 |      18 |       1 |   5.3
        D:5 |     128 |     230 |  64.2 |       6 |       2 |  25.0
        D:6 |     312 |     199 |  38.9 |       3 |       2 |  40.0
            +---------+---------+-------+---------+---------+-------
